%YAML 1.1
%TAG !u! tag:unity3d.com,2011:
--- !u!1 &2388484728875658845
GameObject:
  m_ObjectHideFlags: 0
  m_CorrespondingSourceObject: {fileID: 0}
  m_PrefabInstance: {fileID: 0}
  m_PrefabAsset: {fileID: 0}
  serializedVersion: 6
  m_Component:
  - component: {fileID: 4175020540318845274}
  - component: {fileID: 4898769848858770023}
  m_Layer: 0
  m_Name: Level 5
  m_TagString: Untagged
  m_Icon: {fileID: 0}
  m_NavMeshLayer: 0
  m_StaticEditorFlags: 0
  m_IsActive: 1
--- !u!4 &4175020540318845274
Transform:
  m_ObjectHideFlags: 0
  m_CorrespondingSourceObject: {fileID: 0}
  m_PrefabInstance: {fileID: 0}
  m_PrefabAsset: {fileID: 0}
  m_GameObject: {fileID: 2388484728875658845}
  m_LocalRotation: {x: 0, y: 0, z: 0, w: 1}
  m_LocalPosition: {x: 0, y: 0, z: 0}
  m_LocalScale: {x: 5, y: 5, z: 5}
  m_Children:
  - {fileID: 2072830116309846496}
  - {fileID: 4865389395450776169}
  - {fileID: 7015058766378421168}
  - {fileID: 4250339633142128557}
  - {fileID: 3736900797294003818}
  - {fileID: 774277386428626374}
  - {fileID: 2497115032513433485}
  m_Father: {fileID: 0}
  m_RootOrder: 0
  m_LocalEulerAnglesHint: {x: 0, y: 0, z: 0}
--- !u!114 &4898769848858770023
MonoBehaviour:
  m_ObjectHideFlags: 0
  m_CorrespondingSourceObject: {fileID: 0}
  m_PrefabInstance: {fileID: 0}
  m_PrefabAsset: {fileID: 0}
  m_GameObject: {fileID: 2388484728875658845}
  m_Enabled: 1
  m_EditorHideFlags: 0
  m_Script: {fileID: 11500000, guid: 0d38a2a67a6d84fcb984cf7eafb31f9d, type: 3}
  m_Name: 
  m_EditorClassIdentifier: 
  threeStars: 1
  twoStars: 2
  oneStar: 3
  currentStars: 0
  startPoint: {fileID: 4220600964442971120}
  endPoint: {fileID: 0}
  unlockableCoinImage: {fileID: 7966315910334063067, guid: b00d7a6861ab34c0585d63d535d5172b,
    type: 3}
--- !u!1 &4220600964442971120
GameObject:
  m_ObjectHideFlags: 0
  m_CorrespondingSourceObject: {fileID: 0}
  m_PrefabInstance: {fileID: 0}
  m_PrefabAsset: {fileID: 0}
  serializedVersion: 6
  m_Component:
  - component: {fileID: 3736900797294003818}
  - component: {fileID: 1133151790352286017}
  m_Layer: 0
  m_Name: Start
  m_TagString: Start
  m_Icon: {fileID: 0}
  m_NavMeshLayer: 0
  m_StaticEditorFlags: 0
  m_IsActive: 1
--- !u!4 &3736900797294003818
Transform:
  m_ObjectHideFlags: 0
  m_CorrespondingSourceObject: {fileID: 0}
  m_PrefabInstance: {fileID: 0}
  m_PrefabAsset: {fileID: 0}
  m_GameObject: {fileID: 4220600964442971120}
  m_LocalRotation: {x: 0, y: 0, z: 0, w: 1}
  m_LocalPosition: {x: 0.042, y: 0.181, z: 0.1386}
  m_LocalScale: {x: 1, y: 1, z: 1}
  m_Children: []
  m_Father: {fileID: 4175020540318845274}
  m_RootOrder: 4
  m_LocalEulerAnglesHint: {x: 0, y: 0, z: 0}
--- !u!135 &1133151790352286017
SphereCollider:
  m_ObjectHideFlags: 0
  m_CorrespondingSourceObject: {fileID: 0}
  m_PrefabInstance: {fileID: 0}
  m_PrefabAsset: {fileID: 0}
  m_GameObject: {fileID: 4220600964442971120}
  m_Material: {fileID: 0}
  m_IsTrigger: 1
  m_Enabled: 1
  serializedVersion: 2
  m_Radius: 0.05
  m_Center: {x: 0, y: 0, z: 0}
--- !u!1 &6949694333010945704
GameObject:
  m_ObjectHideFlags: 0
  m_CorrespondingSourceObject: {fileID: 0}
  m_PrefabInstance: {fileID: 0}
  m_PrefabAsset: {fileID: 0}
  serializedVersion: 6
  m_Component:
  - component: {fileID: 4250339633142128557}
  m_Layer: 0
  m_Name: Objects
  m_TagString: Untagged
  m_Icon: {fileID: 0}
  m_NavMeshLayer: 0
  m_StaticEditorFlags: 0
  m_IsActive: 1
--- !u!4 &4250339633142128557
Transform:
  m_ObjectHideFlags: 0
  m_CorrespondingSourceObject: {fileID: 0}
  m_PrefabInstance: {fileID: 0}
  m_PrefabAsset: {fileID: 0}
  m_GameObject: {fileID: 6949694333010945704}
  m_LocalRotation: {x: -0, y: -0, z: -0, w: 1}
  m_LocalPosition: {x: 0, y: 0, z: 0.009}
  m_LocalScale: {x: 1, y: 1, z: 1}
  m_Children:
  - {fileID: 7110591801203035423}
  - {fileID: 3952798764513513972}
  - {fileID: 1819989344032814694}
  - {fileID: 2809862682783758443}
  - {fileID: 8372662399992806663}
  - {fileID: 6460651148639778930}
  - {fileID: 4091211786889316890}
  - {fileID: 5519907753987702612}
  - {fileID: 2238442810275576116}
  m_Father: {fileID: 4175020540318845274}
  m_RootOrder: 3
  m_LocalEulerAnglesHint: {x: 0, y: 0, z: 0}
--- !u!1001 &236782059652049687
PrefabInstance:
  m_ObjectHideFlags: 0
  serializedVersion: 2
  m_Modification:
    m_TransformParent: {fileID: 4250339633142128557}
    m_Modifications:
    - target: {fileID: 3194045501061885794, guid: 2d8501881b82b0047970dd3d5fe352d7,
        type: 3}
      propertyPath: m_Name
      value: Ashtray
      objectReference: {fileID: 0}
    - target: {fileID: 1875994080227138929, guid: 2d8501881b82b0047970dd3d5fe352d7,
        type: 3}
      propertyPath: m_LocalPosition.x
      value: 0.668
      objectReference: {fileID: 0}
    - target: {fileID: 1875994080227138929, guid: 2d8501881b82b0047970dd3d5fe352d7,
        type: 3}
      propertyPath: m_LocalPosition.y
      value: 0.0059
      objectReference: {fileID: 0}
    - target: {fileID: 1875994080227138929, guid: 2d8501881b82b0047970dd3d5fe352d7,
        type: 3}
      propertyPath: m_LocalPosition.z
      value: 0.721
      objectReference: {fileID: 0}
    - target: {fileID: 1875994080227138929, guid: 2d8501881b82b0047970dd3d5fe352d7,
        type: 3}
      propertyPath: m_LocalRotation.x
      value: -0.7071068
      objectReference: {fileID: 0}
    - target: {fileID: 1875994080227138929, guid: 2d8501881b82b0047970dd3d5fe352d7,
        type: 3}
      propertyPath: m_LocalRotation.y
      value: 0
      objectReference: {fileID: 0}
    - target: {fileID: 1875994080227138929, guid: 2d8501881b82b0047970dd3d5fe352d7,
        type: 3}
      propertyPath: m_LocalRotation.z
      value: -0
      objectReference: {fileID: 0}
    - target: {fileID: 1875994080227138929, guid: 2d8501881b82b0047970dd3d5fe352d7,
        type: 3}
      propertyPath: m_LocalRotation.w
      value: 0.7071068
      objectReference: {fileID: 0}
    - target: {fileID: 1875994080227138929, guid: 2d8501881b82b0047970dd3d5fe352d7,
        type: 3}
      propertyPath: m_RootOrder
      value: 2
      objectReference: {fileID: 0}
    - target: {fileID: 1875994080227138929, guid: 2d8501881b82b0047970dd3d5fe352d7,
        type: 3}
      propertyPath: m_LocalEulerAnglesHint.x
      value: 0
      objectReference: {fileID: 0}
    - target: {fileID: 1875994080227138929, guid: 2d8501881b82b0047970dd3d5fe352d7,
        type: 3}
      propertyPath: m_LocalEulerAnglesHint.y
      value: 0
      objectReference: {fileID: 0}
    - target: {fileID: 1875994080227138929, guid: 2d8501881b82b0047970dd3d5fe352d7,
        type: 3}
      propertyPath: m_LocalEulerAnglesHint.z
      value: 0
      objectReference: {fileID: 0}
    m_RemovedComponents: []
  m_SourcePrefab: {fileID: 100100000, guid: 2d8501881b82b0047970dd3d5fe352d7, type: 3}
--- !u!4 &1819989344032814694 stripped
Transform:
  m_CorrespondingSourceObject: {fileID: 1875994080227138929, guid: 2d8501881b82b0047970dd3d5fe352d7,
    type: 3}
  m_PrefabInstance: {fileID: 236782059652049687}
  m_PrefabAsset: {fileID: 0}
--- !u!1001 &367137160914805829
PrefabInstance:
  m_ObjectHideFlags: 0
  serializedVersion: 2
  m_Modification:
    m_TransformParent: {fileID: 4250339633142128557}
    m_Modifications:
    - target: {fileID: 3194045501061885794, guid: 2d8501881b82b0047970dd3d5fe352d7,
        type: 3}
      propertyPath: m_Name
      value: Ashtray (1)
      objectReference: {fileID: 0}
    - target: {fileID: 1875994080227138929, guid: 2d8501881b82b0047970dd3d5fe352d7,
        type: 3}
      propertyPath: m_LocalPosition.x
      value: -0.0951
      objectReference: {fileID: 0}
    - target: {fileID: 1875994080227138929, guid: 2d8501881b82b0047970dd3d5fe352d7,
        type: 3}
      propertyPath: m_LocalPosition.y
      value: 0.0171
      objectReference: {fileID: 0}
    - target: {fileID: 1875994080227138929, guid: 2d8501881b82b0047970dd3d5fe352d7,
        type: 3}
      propertyPath: m_LocalPosition.z
      value: -0.8923
      objectReference: {fileID: 0}
    - target: {fileID: 1875994080227138929, guid: 2d8501881b82b0047970dd3d5fe352d7,
        type: 3}
      propertyPath: m_LocalRotation.x
      value: -0.7071068
      objectReference: {fileID: 0}
    - target: {fileID: 1875994080227138929, guid: 2d8501881b82b0047970dd3d5fe352d7,
        type: 3}
      propertyPath: m_LocalRotation.y
      value: 0
      objectReference: {fileID: 0}
    - target: {fileID: 1875994080227138929, guid: 2d8501881b82b0047970dd3d5fe352d7,
        type: 3}
      propertyPath: m_LocalRotation.z
      value: -0
      objectReference: {fileID: 0}
    - target: {fileID: 1875994080227138929, guid: 2d8501881b82b0047970dd3d5fe352d7,
        type: 3}
      propertyPath: m_LocalRotation.w
      value: 0.7071068
      objectReference: {fileID: 0}
    - target: {fileID: 1875994080227138929, guid: 2d8501881b82b0047970dd3d5fe352d7,
        type: 3}
      propertyPath: m_RootOrder
      value: 8
      objectReference: {fileID: 0}
    - target: {fileID: 1875994080227138929, guid: 2d8501881b82b0047970dd3d5fe352d7,
        type: 3}
      propertyPath: m_LocalEulerAnglesHint.x
      value: 0
      objectReference: {fileID: 0}
    - target: {fileID: 1875994080227138929, guid: 2d8501881b82b0047970dd3d5fe352d7,
        type: 3}
      propertyPath: m_LocalEulerAnglesHint.y
      value: 0
      objectReference: {fileID: 0}
    - target: {fileID: 1875994080227138929, guid: 2d8501881b82b0047970dd3d5fe352d7,
        type: 3}
      propertyPath: m_LocalEulerAnglesHint.z
      value: 0
      objectReference: {fileID: 0}
    m_RemovedComponents: []
  m_SourcePrefab: {fileID: 100100000, guid: 2d8501881b82b0047970dd3d5fe352d7, type: 3}
--- !u!4 &2238442810275576116 stripped
Transform:
  m_CorrespondingSourceObject: {fileID: 1875994080227138929, guid: 2d8501881b82b0047970dd3d5fe352d7,
    type: 3}
  m_PrefabInstance: {fileID: 367137160914805829}
  m_PrefabAsset: {fileID: 0}
--- !u!1001 &722046646905787965
PrefabInstance:
  m_ObjectHideFlags: 0
  serializedVersion: 2
  m_Modification:
    m_TransformParent: {fileID: 4175020540318845274}
    m_Modifications:
    - target: {fileID: 8181406554276336086, guid: 1f9ffc59fd18242be8a884fa2a4da12c,
        type: 3}
      propertyPath: m_Name
      value: End
      objectReference: {fileID: 0}
    - target: {fileID: 2928097861400041904, guid: 1f9ffc59fd18242be8a884fa2a4da12c,
        type: 3}
      propertyPath: m_LocalPosition.x
      value: -0.074
      objectReference: {fileID: 0}
    - target: {fileID: 2928097861400041904, guid: 1f9ffc59fd18242be8a884fa2a4da12c,
        type: 3}
      propertyPath: m_LocalPosition.y
      value: 0.0172
      objectReference: {fileID: 0}
    - target: {fileID: 2928097861400041904, guid: 1f9ffc59fd18242be8a884fa2a4da12c,
        type: 3}
      propertyPath: m_LocalPosition.z
      value: -0.796
      objectReference: {fileID: 0}
    - target: {fileID: 2928097861400041904, guid: 1f9ffc59fd18242be8a884fa2a4da12c,
        type: 3}
      propertyPath: m_LocalRotation.x
      value: 0.7071068
      objectReference: {fileID: 0}
    - target: {fileID: 2928097861400041904, guid: 1f9ffc59fd18242be8a884fa2a4da12c,
        type: 3}
      propertyPath: m_LocalRotation.y
      value: 0
      objectReference: {fileID: 0}
    - target: {fileID: 2928097861400041904, guid: 1f9ffc59fd18242be8a884fa2a4da12c,
        type: 3}
      propertyPath: m_LocalRotation.z
      value: 0
      objectReference: {fileID: 0}
    - target: {fileID: 2928097861400041904, guid: 1f9ffc59fd18242be8a884fa2a4da12c,
        type: 3}
      propertyPath: m_LocalRotation.w
      value: 0.7071068
      objectReference: {fileID: 0}
    - target: {fileID: 2928097861400041904, guid: 1f9ffc59fd18242be8a884fa2a4da12c,
        type: 3}
      propertyPath: m_RootOrder
      value: 6
      objectReference: {fileID: 0}
    - target: {fileID: 2928097861400041904, guid: 1f9ffc59fd18242be8a884fa2a4da12c,
        type: 3}
      propertyPath: m_LocalEulerAnglesHint.x
      value: 90
      objectReference: {fileID: 0}
    - target: {fileID: 2928097861400041904, guid: 1f9ffc59fd18242be8a884fa2a4da12c,
        type: 3}
      propertyPath: m_LocalEulerAnglesHint.y
      value: 0
      objectReference: {fileID: 0}
    - target: {fileID: 2928097861400041904, guid: 1f9ffc59fd18242be8a884fa2a4da12c,
        type: 3}
      propertyPath: m_LocalEulerAnglesHint.z
      value: 0
      objectReference: {fileID: 0}
    m_RemovedComponents: []
  m_SourcePrefab: {fileID: 100100000, guid: 1f9ffc59fd18242be8a884fa2a4da12c, type: 3}
--- !u!4 &2497115032513433485 stripped
Transform:
  m_CorrespondingSourceObject: {fileID: 2928097861400041904, guid: 1f9ffc59fd18242be8a884fa2a4da12c,
    type: 3}
  m_PrefabInstance: {fileID: 722046646905787965}
  m_PrefabAsset: {fileID: 0}
--- !u!1001 &1566394043085086785
PrefabInstance:
  m_ObjectHideFlags: 0
  serializedVersion: 2
  m_Modification:
    m_TransformParent: {fileID: 4175020540318845274}
    m_Modifications:
    - target: {fileID: 2979522457582118804, guid: 6f6fee4b1d556bd4a8b83ff99a6731a8,
        type: 3}
      propertyPath: m_Name
      value: Round table (1)
      objectReference: {fileID: 0}
    - target: {fileID: 2234412392285853063, guid: 6f6fee4b1d556bd4a8b83ff99a6731a8,
        type: 3}
      propertyPath: m_LocalPosition.x
      value: -0.083
      objectReference: {fileID: 0}
    - target: {fileID: 2234412392285853063, guid: 6f6fee4b1d556bd4a8b83ff99a6731a8,
        type: 3}
      propertyPath: m_LocalPosition.y
      value: 0.017000003
      objectReference: {fileID: 0}
    - target: {fileID: 2234412392285853063, guid: 6f6fee4b1d556bd4a8b83ff99a6731a8,
        type: 3}
      propertyPath: m_LocalPosition.z
      value: -1.07
      objectReference: {fileID: 0}
    - target: {fileID: 2234412392285853063, guid: 6f6fee4b1d556bd4a8b83ff99a6731a8,
        type: 3}
      propertyPath: m_LocalRotation.x
      value: -0.7071068
      objectReference: {fileID: 0}
    - target: {fileID: 2234412392285853063, guid: 6f6fee4b1d556bd4a8b83ff99a6731a8,
        type: 3}
      propertyPath: m_LocalRotation.y
      value: -0
      objectReference: {fileID: 0}
    - target: {fileID: 2234412392285853063, guid: 6f6fee4b1d556bd4a8b83ff99a6731a8,
        type: 3}
      propertyPath: m_LocalRotation.z
      value: -0
      objectReference: {fileID: 0}
    - target: {fileID: 2234412392285853063, guid: 6f6fee4b1d556bd4a8b83ff99a6731a8,
        type: 3}
      propertyPath: m_LocalRotation.w
      value: 0.7071068
      objectReference: {fileID: 0}
    - target: {fileID: 2234412392285853063, guid: 6f6fee4b1d556bd4a8b83ff99a6731a8,
        type: 3}
      propertyPath: m_RootOrder
      value: 5
      objectReference: {fileID: 0}
    - target: {fileID: 2234412392285853063, guid: 6f6fee4b1d556bd4a8b83ff99a6731a8,
        type: 3}
      propertyPath: m_LocalEulerAnglesHint.x
      value: -90
      objectReference: {fileID: 0}
    - target: {fileID: 2234412392285853063, guid: 6f6fee4b1d556bd4a8b83ff99a6731a8,
        type: 3}
      propertyPath: m_LocalEulerAnglesHint.y
      value: 0
      objectReference: {fileID: 0}
    - target: {fileID: 2234412392285853063, guid: 6f6fee4b1d556bd4a8b83ff99a6731a8,
        type: 3}
      propertyPath: m_LocalEulerAnglesHint.z
      value: 0
      objectReference: {fileID: 0}
    - target: {fileID: 2234412392285853063, guid: 6f6fee4b1d556bd4a8b83ff99a6731a8,
        type: 3}
      propertyPath: m_LocalScale.y
      value: 0.50000024
      objectReference: {fileID: 0}
    - target: {fileID: 2234412392285853063, guid: 6f6fee4b1d556bd4a8b83ff99a6731a8,
        type: 3}
      propertyPath: m_LocalScale.z
      value: 0.50000024
      objectReference: {fileID: 0}
    m_RemovedComponents: []
  m_SourcePrefab: {fileID: 100100000, guid: 6f6fee4b1d556bd4a8b83ff99a6731a8, type: 3}
--- !u!4 &774277386428626374 stripped
Transform:
  m_CorrespondingSourceObject: {fileID: 2234412392285853063, guid: 6f6fee4b1d556bd4a8b83ff99a6731a8,
    type: 3}
  m_PrefabInstance: {fileID: 1566394043085086785}
  m_PrefabAsset: {fileID: 0}
--- !u!1001 &1724813354079977113
PrefabInstance:
  m_ObjectHideFlags: 0
  serializedVersion: 2
  m_Modification:
    m_TransformParent: {fileID: 4175020540318845274}
    m_Modifications:
    - target: {fileID: 4427233329325983082, guid: 68c259836f6ad774bb1229d6b4d6a142,
        type: 3}
      propertyPath: m_Name
      value: Ground
      objectReference: {fileID: 0}
    - target: {fileID: 804992703378503545, guid: 68c259836f6ad774bb1229d6b4d6a142,
        type: 3}
      propertyPath: m_LocalPosition.x
      value: -0
      objectReference: {fileID: 0}
    - target: {fileID: 804992703378503545, guid: 68c259836f6ad774bb1229d6b4d6a142,
        type: 3}
      propertyPath: m_LocalPosition.y
      value: -0.7
      objectReference: {fileID: 0}
    - target: {fileID: 804992703378503545, guid: 68c259836f6ad774bb1229d6b4d6a142,
        type: 3}
      propertyPath: m_LocalPosition.z
      value: 0
      objectReference: {fileID: 0}
    - target: {fileID: 804992703378503545, guid: 68c259836f6ad774bb1229d6b4d6a142,
        type: 3}
      propertyPath: m_LocalRotation.x
      value: -0.7071068
      objectReference: {fileID: 0}
    - target: {fileID: 804992703378503545, guid: 68c259836f6ad774bb1229d6b4d6a142,
        type: 3}
      propertyPath: m_LocalRotation.y
      value: 0
      objectReference: {fileID: 0}
    - target: {fileID: 804992703378503545, guid: 68c259836f6ad774bb1229d6b4d6a142,
        type: 3}
      propertyPath: m_LocalRotation.z
      value: -0
      objectReference: {fileID: 0}
    - target: {fileID: 804992703378503545, guid: 68c259836f6ad774bb1229d6b4d6a142,
        type: 3}
      propertyPath: m_LocalRotation.w
      value: 0.7071068
      objectReference: {fileID: 0}
    - target: {fileID: 804992703378503545, guid: 68c259836f6ad774bb1229d6b4d6a142,
        type: 3}
      propertyPath: m_RootOrder
      value: 0
      objectReference: {fileID: 0}
    - target: {fileID: 804992703378503545, guid: 68c259836f6ad774bb1229d6b4d6a142,
        type: 3}
      propertyPath: m_LocalEulerAnglesHint.x
      value: 0
      objectReference: {fileID: 0}
    - target: {fileID: 804992703378503545, guid: 68c259836f6ad774bb1229d6b4d6a142,
        type: 3}
      propertyPath: m_LocalEulerAnglesHint.y
      value: 0
      objectReference: {fileID: 0}
    - target: {fileID: 804992703378503545, guid: 68c259836f6ad774bb1229d6b4d6a142,
        type: 3}
      propertyPath: m_LocalEulerAnglesHint.z
      value: 0
      objectReference: {fileID: 0}
    - target: {fileID: 2687636658474250678, guid: 68c259836f6ad774bb1229d6b4d6a142,
        type: 3}
      propertyPath: m_Materials.Array.data[0]
      value: 
      objectReference: {fileID: 2100000, guid: 073628b127663f5488950aaac7dde3a6, type: 2}
    m_RemovedComponents: []
  m_SourcePrefab: {fileID: 100100000, guid: 68c259836f6ad774bb1229d6b4d6a142, type: 3}
--- !u!4 &2072830116309846496 stripped
Transform:
  m_CorrespondingSourceObject: {fileID: 804992703378503545, guid: 68c259836f6ad774bb1229d6b4d6a142,
    type: 3}
  m_PrefabInstance: {fileID: 1724813354079977113}
  m_PrefabAsset: {fileID: 0}
--- !u!1001 &2324919093299504131
PrefabInstance:
  m_ObjectHideFlags: 0
  serializedVersion: 2
  m_Modification:
    m_TransformParent: {fileID: 4250339633142128557}
    m_Modifications:
    - target: {fileID: 1148821696479539829, guid: 834e30b6766b888489cd657b93bce111,
        type: 3}
      propertyPath: m_Name
      value: Trampoline (1)
      objectReference: {fileID: 0}
    - target: {fileID: 1766856814106652185, guid: 834e30b6766b888489cd657b93bce111,
        type: 3}
      propertyPath: m_LocalPosition.x
      value: 0.821
      objectReference: {fileID: 0}
    - target: {fileID: 1766856814106652185, guid: 834e30b6766b888489cd657b93bce111,
        type: 3}
      propertyPath: m_LocalPosition.y
      value: 0
      objectReference: {fileID: 0}
    - target: {fileID: 1766856814106652185, guid: 834e30b6766b888489cd657b93bce111,
        type: 3}
      propertyPath: m_LocalPosition.z
      value: 0.68
      objectReference: {fileID: 0}
    - target: {fileID: 1766856814106652185, guid: 834e30b6766b888489cd657b93bce111,
        type: 3}
      propertyPath: m_LocalRotation.x
      value: -0
      objectReference: {fileID: 0}
    - target: {fileID: 1766856814106652185, guid: 834e30b6766b888489cd657b93bce111,
        type: 3}
      propertyPath: m_LocalRotation.y
      value: -0.8675732
      objectReference: {fileID: 0}
    - target: {fileID: 1766856814106652185, guid: 834e30b6766b888489cd657b93bce111,
        type: 3}
      propertyPath: m_LocalRotation.z
      value: -0
      objectReference: {fileID: 0}
    - target: {fileID: 1766856814106652185, guid: 834e30b6766b888489cd657b93bce111,
        type: 3}
      propertyPath: m_LocalRotation.w
      value: 0.4973096
      objectReference: {fileID: 0}
    - target: {fileID: 1766856814106652185, guid: 834e30b6766b888489cd657b93bce111,
        type: 3}
      propertyPath: m_RootOrder
      value: 6
      objectReference: {fileID: 0}
    - target: {fileID: 1766856814106652185, guid: 834e30b6766b888489cd657b93bce111,
        type: 3}
      propertyPath: m_LocalEulerAnglesHint.x
      value: 0
      objectReference: {fileID: 0}
    - target: {fileID: 1766856814106652185, guid: 834e30b6766b888489cd657b93bce111,
        type: 3}
      propertyPath: m_LocalEulerAnglesHint.y
      value: -120.356
      objectReference: {fileID: 0}
    - target: {fileID: 1766856814106652185, guid: 834e30b6766b888489cd657b93bce111,
        type: 3}
      propertyPath: m_LocalEulerAnglesHint.z
      value: 0
      objectReference: {fileID: 0}
    m_RemovedComponents: []
  m_SourcePrefab: {fileID: 100100000, guid: 834e30b6766b888489cd657b93bce111, type: 3}
--- !u!4 &4091211786889316890 stripped
Transform:
  m_CorrespondingSourceObject: {fileID: 1766856814106652185, guid: 834e30b6766b888489cd657b93bce111,
    type: 3}
  m_PrefabInstance: {fileID: 2324919093299504131}
  m_PrefabAsset: {fileID: 0}
--- !u!1001 &4050031541066191369
PrefabInstance:
  m_ObjectHideFlags: 0
  serializedVersion: 2
  m_Modification:
    m_TransformParent: {fileID: 4250339633142128557}
    m_Modifications:
    - target: {fileID: 4086148507123610094, guid: 695f50e3959bb9b4a9082b72a925ec2d,
        type: 3}
      propertyPath: m_Name
      value: Add bottle
      objectReference: {fileID: 0}
    - target: {fileID: 1076276413403661309, guid: 695f50e3959bb9b4a9082b72a925ec2d,
        type: 3}
      propertyPath: m_LocalPosition.x
      value: 0.982
      objectReference: {fileID: 0}
    - target: {fileID: 1076276413403661309, guid: 695f50e3959bb9b4a9082b72a925ec2d,
        type: 3}
      propertyPath: m_LocalPosition.y
      value: 0.0306
      objectReference: {fileID: 0}
    - target: {fileID: 1076276413403661309, guid: 695f50e3959bb9b4a9082b72a925ec2d,
        type: 3}
      propertyPath: m_LocalPosition.z
      value: 0.719
      objectReference: {fileID: 0}
    - target: {fileID: 1076276413403661309, guid: 695f50e3959bb9b4a9082b72a925ec2d,
        type: 3}
      propertyPath: m_LocalRotation.x
      value: 0.70712715
      objectReference: {fileID: 0}
    - target: {fileID: 1076276413403661309, guid: 695f50e3959bb9b4a9082b72a925ec2d,
        type: 3}
      propertyPath: m_LocalRotation.y
      value: -0
      objectReference: {fileID: 0}
    - target: {fileID: 1076276413403661309, guid: 695f50e3959bb9b4a9082b72a925ec2d,
        type: 3}
      propertyPath: m_LocalRotation.z
      value: -0.7070865
      objectReference: {fileID: 0}
    - target: {fileID: 1076276413403661309, guid: 695f50e3959bb9b4a9082b72a925ec2d,
        type: 3}
      propertyPath: m_LocalRotation.w
      value: 0
      objectReference: {fileID: 0}
    - target: {fileID: 1076276413403661309, guid: 695f50e3959bb9b4a9082b72a925ec2d,
        type: 3}
      propertyPath: m_RootOrder
      value: 1
      objectReference: {fileID: 0}
    - target: {fileID: 1076276413403661309, guid: 695f50e3959bb9b4a9082b72a925ec2d,
        type: 3}
      propertyPath: m_LocalEulerAnglesHint.x
      value: 180
      objectReference: {fileID: 0}
    - target: {fileID: 1076276413403661309, guid: 695f50e3959bb9b4a9082b72a925ec2d,
        type: 3}
      propertyPath: m_LocalEulerAnglesHint.y
      value: 89.996994
      objectReference: {fileID: 0}
    - target: {fileID: 1076276413403661309, guid: 695f50e3959bb9b4a9082b72a925ec2d,
        type: 3}
      propertyPath: m_LocalEulerAnglesHint.z
      value: -0.000015258789
      objectReference: {fileID: 0}
    m_RemovedComponents: []
  m_SourcePrefab: {fileID: 100100000, guid: 695f50e3959bb9b4a9082b72a925ec2d, type: 3}
--- !u!4 &3952798764513513972 stripped
Transform:
  m_CorrespondingSourceObject: {fileID: 1076276413403661309, guid: 695f50e3959bb9b4a9082b72a925ec2d,
    type: 3}
  m_PrefabInstance: {fileID: 4050031541066191369}
  m_PrefabAsset: {fileID: 0}
--- !u!1001 &4182425583072796439
PrefabInstance:
  m_ObjectHideFlags: 0
  serializedVersion: 2
  m_Modification:
    m_TransformParent: {fileID: 4250339633142128557}
    m_Modifications:
    - target: {fileID: 7997347997104644123, guid: 03113b7c1800f2841a03ef3f5f7f1e6e,
        type: 3}
      propertyPath: m_Name
      value: Chair
      objectReference: {fileID: 0}
    - target: {fileID: 6388092709920068104, guid: 03113b7c1800f2841a03ef3f5f7f1e6e,
        type: 3}
      propertyPath: m_LocalPosition.x
      value: -1.08
      objectReference: {fileID: 0}
    - target: {fileID: 6388092709920068104, guid: 03113b7c1800f2841a03ef3f5f7f1e6e,
        type: 3}
      propertyPath: m_LocalPosition.y
      value: -0.633
      objectReference: {fileID: 0}
    - target: {fileID: 6388092709920068104, guid: 03113b7c1800f2841a03ef3f5f7f1e6e,
        type: 3}
      propertyPath: m_LocalPosition.z
      value: -0.092
      objectReference: {fileID: 0}
    - target: {fileID: 6388092709920068104, guid: 03113b7c1800f2841a03ef3f5f7f1e6e,
        type: 3}
      propertyPath: m_LocalRotation.x
      value: 0.16127479
      objectReference: {fileID: 0}
    - target: {fileID: 6388092709920068104, guid: 03113b7c1800f2841a03ef3f5f7f1e6e,
        type: 3}
      propertyPath: m_LocalRotation.y
      value: -0.6504271
      objectReference: {fileID: 0}
    - target: {fileID: 6388092709920068104, guid: 03113b7c1800f2841a03ef3f5f7f1e6e,
        type: 3}
      propertyPath: m_LocalRotation.z
      value: -0.7281352
      objectReference: {fileID: 0}
    - target: {fileID: 6388092709920068104, guid: 03113b7c1800f2841a03ef3f5f7f1e6e,
        type: 3}
      propertyPath: m_LocalRotation.w
      value: -0.1440634
      objectReference: {fileID: 0}
    - target: {fileID: 6388092709920068104, guid: 03113b7c1800f2841a03ef3f5f7f1e6e,
        type: 3}
      propertyPath: m_RootOrder
      value: 0
      objectReference: {fileID: 0}
    - target: {fileID: 6388092709920068104, guid: 03113b7c1800f2841a03ef3f5f7f1e6e,
        type: 3}
      propertyPath: m_LocalEulerAnglesHint.x
      value: -83.548004
      objectReference: {fileID: 0}
    - target: {fileID: 6388092709920068104, guid: 03113b7c1800f2841a03ef3f5f7f1e6e,
        type: 3}
      propertyPath: m_LocalEulerAnglesHint.y
      value: -24.978
      objectReference: {fileID: 0}
    - target: {fileID: 6388092709920068104, guid: 03113b7c1800f2841a03ef3f5f7f1e6e,
        type: 3}
      propertyPath: m_LocalEulerAnglesHint.z
      value: -179.99998
      objectReference: {fileID: 0}
    m_RemovedComponents: []
  m_SourcePrefab: {fileID: 100100000, guid: 03113b7c1800f2841a03ef3f5f7f1e6e, type: 3}
--- !u!4 &7110591801203035423 stripped
Transform:
  m_CorrespondingSourceObject: {fileID: 6388092709920068104, guid: 03113b7c1800f2841a03ef3f5f7f1e6e,
    type: 3}
  m_PrefabInstance: {fileID: 4182425583072796439}
  m_PrefabAsset: {fileID: 0}
--- !u!1001 &6061708973756797261
PrefabInstance:
  m_ObjectHideFlags: 0
  serializedVersion: 2
  m_Modification:
    m_TransformParent: {fileID: 4250339633142128557}
    m_Modifications:
    - target: {fileID: 1148821696479539829, guid: 834e30b6766b888489cd657b93bce111,
        type: 3}
      propertyPath: m_Name
      value: Trampoline (2)
      objectReference: {fileID: 0}
    - target: {fileID: 1766856814106652185, guid: 834e30b6766b888489cd657b93bce111,
        type: 3}
      propertyPath: m_LocalPosition.x
      value: 0.763
      objectReference: {fileID: 0}
    - target: {fileID: 1766856814106652185, guid: 834e30b6766b888489cd657b93bce111,
        type: 3}
      propertyPath: m_LocalPosition.y
      value: 0.0174
      objectReference: {fileID: 0}
    - target: {fileID: 1766856814106652185, guid: 834e30b6766b888489cd657b93bce111,
        type: 3}
      propertyPath: m_LocalPosition.z
      value: -0.24440819
      objectReference: {fileID: 0}
    - target: {fileID: 1766856814106652185, guid: 834e30b6766b888489cd657b93bce111,
        type: 3}
      propertyPath: m_LocalRotation.x
      value: -0
      objectReference: {fileID: 0}
    - target: {fileID: 1766856814106652185, guid: 834e30b6766b888489cd657b93bce111,
        type: 3}
      propertyPath: m_LocalRotation.y
      value: 0.7994919
      objectReference: {fileID: 0}
    - target: {fileID: 1766856814106652185, guid: 834e30b6766b888489cd657b93bce111,
        type: 3}
      propertyPath: m_LocalRotation.z
      value: -0
      objectReference: {fileID: 0}
    - target: {fileID: 1766856814106652185, guid: 834e30b6766b888489cd657b93bce111,
        type: 3}
      propertyPath: m_LocalRotation.w
      value: -0.60067695
      objectReference: {fileID: 0}
    - target: {fileID: 1766856814106652185, guid: 834e30b6766b888489cd657b93bce111,
        type: 3}
      propertyPath: m_RootOrder
      value: 7
      objectReference: {fileID: 0}
    - target: {fileID: 1766856814106652185, guid: 834e30b6766b888489cd657b93bce111,
        type: 3}
      propertyPath: m_LocalEulerAnglesHint.x
      value: 0
      objectReference: {fileID: 0}
    - target: {fileID: 1766856814106652185, guid: 834e30b6766b888489cd657b93bce111,
        type: 3}
      propertyPath: m_LocalEulerAnglesHint.y
      value: 253.837
      objectReference: {fileID: 0}
    - target: {fileID: 1766856814106652185, guid: 834e30b6766b888489cd657b93bce111,
        type: 3}
      propertyPath: m_LocalEulerAnglesHint.z
      value: 0
      objectReference: {fileID: 0}
    - target: {fileID: 573496313310830240, guid: 834e30b6766b888489cd657b93bce111,
        type: 3}
      propertyPath: m_LocalRotation.x
      value: -0.31276038
      objectReference: {fileID: 0}
    - target: {fileID: 573496313310830240, guid: 834e30b6766b888489cd657b93bce111,
        type: 3}
      propertyPath: m_LocalRotation.y
      value: -0.70558256
      objectReference: {fileID: 0}
    - target: {fileID: 573496313310830240, guid: 834e30b6766b888489cd657b93bce111,
        type: 3}
      propertyPath: m_LocalRotation.z
      value: -0.6341898
      objectReference: {fileID: 0}
    - target: {fileID: 573496313310830240, guid: 834e30b6766b888489cd657b93bce111,
        type: 3}
      propertyPath: m_LocalRotation.w
      value: 0.04623344
      objectReference: {fileID: 0}
    - target: {fileID: 573496313310830240, guid: 834e30b6766b888489cd657b93bce111,
        type: 3}
      propertyPath: m_LocalPosition.x
      value: 0.3932
      objectReference: {fileID: 0}
    - target: {fileID: 573496313310830240, guid: 834e30b6766b888489cd657b93bce111,
        type: 3}
      propertyPath: m_LocalPosition.y
      value: 0.0156
      objectReference: {fileID: 0}
    - target: {fileID: 573496313310830240, guid: 834e30b6766b888489cd657b93bce111,
        type: 3}
      propertyPath: m_LocalPosition.z
      value: 0.6554
      objectReference: {fileID: 0}
    - target: {fileID: 573496313310830240, guid: 834e30b6766b888489cd657b93bce111,
        type: 3}
      propertyPath: m_LocalEulerAnglesHint.x
      value: -112.502
      objectReference: {fileID: 0}
    - target: {fileID: 573496313310830240, guid: 834e30b6766b888489cd657b93bce111,
        type: 3}
      propertyPath: m_LocalEulerAnglesHint.z
      value: -89.994995
      objectReference: {fileID: 0}
    - target: {fileID: 573496313310830240, guid: 834e30b6766b888489cd657b93bce111,
        type: 3}
      propertyPath: m_LocalEulerAnglesHint.y
      value: -60.003998
      objectReference: {fileID: 0}
    m_RemovedComponents: []
  m_SourcePrefab: {fileID: 100100000, guid: 834e30b6766b888489cd657b93bce111, type: 3}
--- !u!4 &5519907753987702612 stripped
Transform:
  m_CorrespondingSourceObject: {fileID: 1766856814106652185, guid: 834e30b6766b888489cd657b93bce111,
    type: 3}
  m_PrefabInstance: {fileID: 6061708973756797261}
  m_PrefabAsset: {fileID: 0}
--- !u!1001 &6219567908838121801
PrefabInstance:
  m_ObjectHideFlags: 0
  serializedVersion: 2
  m_Modification:
    m_TransformParent: {fileID: 4250339633142128557}
    m_Modifications:
    - target: {fileID: 5113172097649240881, guid: f76bc534d0e244d4a87835ede1011540,
        type: 3}
      propertyPath: m_Name
      value: Unlucky_strikes
      objectReference: {fileID: 0}
    - target: {fileID: 8119703389493041442, guid: f76bc534d0e244d4a87835ede1011540,
        type: 3}
      propertyPath: m_LocalPosition.x
      value: 0.745
      objectReference: {fileID: 0}
    - target: {fileID: 8119703389493041442, guid: f76bc534d0e244d4a87835ede1011540,
        type: 3}
      propertyPath: m_LocalPosition.y
      value: 0
      objectReference: {fileID: 0}
    - target: {fileID: 8119703389493041442, guid: f76bc534d0e244d4a87835ede1011540,
        type: 3}
      propertyPath: m_LocalPosition.z
      value: 0.579
      objectReference: {fileID: 0}
    - target: {fileID: 8119703389493041442, guid: f76bc534d0e244d4a87835ede1011540,
        type: 3}
      propertyPath: m_LocalRotation.x
      value: -0.29456624
      objectReference: {fileID: 0}
    - target: {fileID: 8119703389493041442, guid: f76bc534d0e244d4a87835ede1011540,
        type: 3}
      propertyPath: m_LocalRotation.y
      value: 0.29456624
      objectReference: {fileID: 0}
    - target: {fileID: 8119703389493041442, guid: f76bc534d0e244d4a87835ede1011540,
        type: 3}
      propertyPath: m_LocalRotation.z
      value: -0.6428303
      objectReference: {fileID: 0}
    - target: {fileID: 8119703389493041442, guid: f76bc534d0e244d4a87835ede1011540,
        type: 3}
      propertyPath: m_LocalRotation.w
      value: 0.6428303
      objectReference: {fileID: 0}
    - target: {fileID: 8119703389493041442, guid: f76bc534d0e244d4a87835ede1011540,
        type: 3}
      propertyPath: m_RootOrder
      value: 3
      objectReference: {fileID: 0}
    - target: {fileID: 8119703389493041442, guid: f76bc534d0e244d4a87835ede1011540,
        type: 3}
      propertyPath: m_LocalEulerAnglesHint.x
      value: 0
      objectReference: {fileID: 0}
    - target: {fileID: 8119703389493041442, guid: f76bc534d0e244d4a87835ede1011540,
        type: 3}
      propertyPath: m_LocalEulerAnglesHint.y
      value: 49.238003
      objectReference: {fileID: 0}
    - target: {fileID: 8119703389493041442, guid: f76bc534d0e244d4a87835ede1011540,
        type: 3}
      propertyPath: m_LocalEulerAnglesHint.z
      value: -90.00001
      objectReference: {fileID: 0}
    m_RemovedComponents: []
  m_SourcePrefab: {fileID: 100100000, guid: f76bc534d0e244d4a87835ede1011540, type: 3}
--- !u!4 &2809862682783758443 stripped
Transform:
  m_CorrespondingSourceObject: {fileID: 8119703389493041442, guid: f76bc534d0e244d4a87835ede1011540,
    type: 3}
  m_PrefabInstance: {fileID: 6219567908838121801}
  m_PrefabAsset: {fileID: 0}
--- !u!1001 &6553025358201565762
PrefabInstance:
  m_ObjectHideFlags: 0
  serializedVersion: 2
  m_Modification:
    m_TransformParent: {fileID: 4250339633142128557}
    m_Modifications:
    - target: {fileID: 3819769355731302435, guid: 60fd69f5ece6cf84c94e9c6477548a04,
        type: 3}
      propertyPath: m_Name
      value: Beer bottle
      objectReference: {fileID: 0}
    - target: {fileID: 241455112938031664, guid: 60fd69f5ece6cf84c94e9c6477548a04,
        type: 3}
      propertyPath: m_LocalPosition.x
      value: -0.009999924
      objectReference: {fileID: 0}
    - target: {fileID: 241455112938031664, guid: 60fd69f5ece6cf84c94e9c6477548a04,
        type: 3}
      propertyPath: m_LocalPosition.y
      value: 0
      objectReference: {fileID: 0}
    - target: {fileID: 241455112938031664, guid: 60fd69f5ece6cf84c94e9c6477548a04,
        type: 3}
      propertyPath: m_LocalPosition.z
      value: 0.84700006
      objectReference: {fileID: 0}
    - target: {fileID: 241455112938031664, guid: 60fd69f5ece6cf84c94e9c6477548a04,
        type: 3}
      propertyPath: m_LocalRotation.x
      value: 0.11680019
      objectReference: {fileID: 0}
    - target: {fileID: 241455112938031664, guid: 60fd69f5ece6cf84c94e9c6477548a04,
        type: 3}
      propertyPath: m_LocalRotation.y
      value: -0.69739366
      objectReference: {fileID: 0}
    - target: {fileID: 241455112938031664, guid: 60fd69f5ece6cf84c94e9c6477548a04,
        type: 3}
      propertyPath: m_LocalRotation.z
      value: -0.6973935
      objectReference: {fileID: 0}
    - target: {fileID: 241455112938031664, guid: 60fd69f5ece6cf84c94e9c6477548a04,
        type: 3}
      propertyPath: m_LocalRotation.w
      value: -0.1168002
      objectReference: {fileID: 0}
    - target: {fileID: 241455112938031664, guid: 60fd69f5ece6cf84c94e9c6477548a04,
        type: 3}
      propertyPath: m_RootOrder
      value: 5
      objectReference: {fileID: 0}
    - target: {fileID: 241455112938031664, guid: 60fd69f5ece6cf84c94e9c6477548a04,
        type: 3}
      propertyPath: m_LocalEulerAnglesHint.x
      value: -90.00001
      objectReference: {fileID: 0}
    - target: {fileID: 241455112938031664, guid: 60fd69f5ece6cf84c94e9c6477548a04,
        type: 3}
      propertyPath: m_LocalEulerAnglesHint.y
      value: 0
      objectReference: {fileID: 0}
    - target: {fileID: 241455112938031664, guid: 60fd69f5ece6cf84c94e9c6477548a04,
        type: 3}
      propertyPath: m_LocalEulerAnglesHint.z
      value: -199.015
      objectReference: {fileID: 0}
    m_RemovedComponents: []
  m_SourcePrefab: {fileID: 100100000, guid: 60fd69f5ece6cf84c94e9c6477548a04, type: 3}
--- !u!4 &6460651148639778930 stripped
Transform:
  m_CorrespondingSourceObject: {fileID: 241455112938031664, guid: 60fd69f5ece6cf84c94e9c6477548a04,
    type: 3}
  m_PrefabInstance: {fileID: 6553025358201565762}
  m_PrefabAsset: {fileID: 0}
--- !u!1001 &6667420763662196718
PrefabInstance:
  m_ObjectHideFlags: 0
  serializedVersion: 2
  m_Modification:
    m_TransformParent: {fileID: 4175020540318845274}
    m_Modifications:
    - target: {fileID: 2979522457582118804, guid: 6f6fee4b1d556bd4a8b83ff99a6731a8,
        type: 3}
      propertyPath: m_Name
      value: Round table
      objectReference: {fileID: 0}
    - target: {fileID: 2234412392285853063, guid: 6f6fee4b1d556bd4a8b83ff99a6731a8,
        type: 3}
      propertyPath: m_LocalPosition.x
      value: -1.4470001
      objectReference: {fileID: 0}
    - target: {fileID: 2234412392285853063, guid: 6f6fee4b1d556bd4a8b83ff99a6731a8,
        type: 3}
      propertyPath: m_LocalPosition.y
      value: 0.017
      objectReference: {fileID: 0}
    - target: {fileID: 2234412392285853063, guid: 6f6fee4b1d556bd4a8b83ff99a6731a8,
        type: 3}
      propertyPath: m_LocalPosition.z
      value: -0.346
      objectReference: {fileID: 0}
    - target: {fileID: 2234412392285853063, guid: 6f6fee4b1d556bd4a8b83ff99a6731a8,
        type: 3}
      propertyPath: m_LocalRotation.x
      value: -0.7071068
      objectReference: {fileID: 0}
    - target: {fileID: 2234412392285853063, guid: 6f6fee4b1d556bd4a8b83ff99a6731a8,
        type: 3}
      propertyPath: m_LocalRotation.y
      value: -0
      objectReference: {fileID: 0}
    - target: {fileID: 2234412392285853063, guid: 6f6fee4b1d556bd4a8b83ff99a6731a8,
        type: 3}
      propertyPath: m_LocalRotation.z
      value: -0
      objectReference: {fileID: 0}
    - target: {fileID: 2234412392285853063, guid: 6f6fee4b1d556bd4a8b83ff99a6731a8,
        type: 3}
      propertyPath: m_LocalRotation.w
      value: 0.7071068
      objectReference: {fileID: 0}
    - target: {fileID: 2234412392285853063, guid: 6f6fee4b1d556bd4a8b83ff99a6731a8,
        type: 3}
      propertyPath: m_RootOrder
      value: 1
      objectReference: {fileID: 0}
    - target: {fileID: 2234412392285853063, guid: 6f6fee4b1d556bd4a8b83ff99a6731a8,
        type: 3}
      propertyPath: m_LocalEulerAnglesHint.x
      value: -90
      objectReference: {fileID: 0}
    - target: {fileID: 2234412392285853063, guid: 6f6fee4b1d556bd4a8b83ff99a6731a8,
        type: 3}
      propertyPath: m_LocalEulerAnglesHint.y
      value: 0
      objectReference: {fileID: 0}
    - target: {fileID: 2234412392285853063, guid: 6f6fee4b1d556bd4a8b83ff99a6731a8,
        type: 3}
      propertyPath: m_LocalEulerAnglesHint.z
      value: 0
      objectReference: {fileID: 0}
    m_RemovedComponents: []
  m_SourcePrefab: {fileID: 100100000, guid: 6f6fee4b1d556bd4a8b83ff99a6731a8, type: 3}
--- !u!4 &4865389395450776169 stripped
Transform:
  m_CorrespondingSourceObject: {fileID: 2234412392285853063, guid: 6f6fee4b1d556bd4a8b83ff99a6731a8,
    type: 3}
  m_PrefabInstance: {fileID: 6667420763662196718}
  m_PrefabAsset: {fileID: 0}
--- !u!1001 &7437247471410279765
PrefabInstance:
  m_ObjectHideFlags: 0
  serializedVersion: 2
  m_Modification:
    m_TransformParent: {fileID: 4175020540318845274}
    m_Modifications:
    - target: {fileID: 3474331627079585014, guid: 2d7cf545fc219804ea38c21ef232b0fc,
        type: 3}
      propertyPath: m_Name
      value: Outdoor table
      objectReference: {fileID: 0}
    - target: {fileID: 462771164367634149, guid: 2d7cf545fc219804ea38c21ef232b0fc,
        type: 3}
      propertyPath: m_LocalPosition.x
      value: -0.000000013411046
      objectReference: {fileID: 0}
    - target: {fileID: 462771164367634149, guid: 2d7cf545fc219804ea38c21ef232b0fc,
        type: 3}
      propertyPath: m_LocalPosition.y
      value: -0.7
      objectReference: {fileID: 0}
    - target: {fileID: 462771164367634149, guid: 2d7cf545fc219804ea38c21ef232b0fc,
        type: 3}
      propertyPath: m_LocalPosition.z
      value: 0.15304212
      objectReference: {fileID: 0}
    - target: {fileID: 462771164367634149, guid: 2d7cf545fc219804ea38c21ef232b0fc,
        type: 3}
      propertyPath: m_LocalRotation.x
      value: -0.70213366
      objectReference: {fileID: 0}
    - target: {fileID: 462771164367634149, guid: 2d7cf545fc219804ea38c21ef232b0fc,
        type: 3}
      propertyPath: m_LocalRotation.y
      value: -0.000000005587935
      objectReference: {fileID: 0}
    - target: {fileID: 462771164367634149, guid: 2d7cf545fc219804ea38c21ef232b0fc,
        type: 3}
      propertyPath: m_LocalRotation.z
      value: 9.3132246e-10
      objectReference: {fileID: 0}
    - target: {fileID: 462771164367634149, guid: 2d7cf545fc219804ea38c21ef232b0fc,
        type: 3}
      propertyPath: m_LocalRotation.w
      value: 0.7120452
      objectReference: {fileID: 0}
    - target: {fileID: 462771164367634149, guid: 2d7cf545fc219804ea38c21ef232b0fc,
        type: 3}
      propertyPath: m_RootOrder
      value: 2
      objectReference: {fileID: 0}
    - target: {fileID: 462771164367634149, guid: 2d7cf545fc219804ea38c21ef232b0fc,
        type: 3}
      propertyPath: m_LocalEulerAnglesHint.x
      value: -89.19701
      objectReference: {fileID: 0}
    - target: {fileID: 462771164367634149, guid: 2d7cf545fc219804ea38c21ef232b0fc,
        type: 3}
      propertyPath: m_LocalEulerAnglesHint.y
      value: 0
      objectReference: {fileID: 0}
    - target: {fileID: 462771164367634149, guid: 2d7cf545fc219804ea38c21ef232b0fc,
        type: 3}
      propertyPath: m_LocalEulerAnglesHint.z
      value: 0
      objectReference: {fileID: 0}
    m_RemovedComponents: []
  m_SourcePrefab: {fileID: 100100000, guid: 2d7cf545fc219804ea38c21ef232b0fc, type: 3}
--- !u!4 &7015058766378421168 stripped
Transform:
  m_CorrespondingSourceObject: {fileID: 462771164367634149, guid: 2d7cf545fc219804ea38c21ef232b0fc,
    type: 3}
  m_PrefabInstance: {fileID: 7437247471410279765}
  m_PrefabAsset: {fileID: 0}
--- !u!1001 &7833042877404484382
PrefabInstance:
  m_ObjectHideFlags: 0
  serializedVersion: 2
  m_Modification:
    m_TransformParent: {fileID: 4250339633142128557}
    m_Modifications:
    - target: {fileID: 1148821696479539829, guid: 834e30b6766b888489cd657b93bce111,
        type: 3}
      propertyPath: m_Name
      value: Trampoline
      objectReference: {fileID: 0}
    - target: {fileID: 1766856814106652185, guid: 834e30b6766b888489cd657b93bce111,
        type: 3}
      propertyPath: m_LocalPosition.x
      value: 0
      objectReference: {fileID: 0}
    - target: {fileID: 1766856814106652185, guid: 834e30b6766b888489cd657b93bce111,
        type: 3}
      propertyPath: m_LocalPosition.y
      value: 0
      objectReference: {fileID: 0}
    - target: {fileID: 1766856814106652185, guid: 834e30b6766b888489cd657b93bce111,
        type: 3}
      propertyPath: m_LocalPosition.z
      value: 0
      objectReference: {fileID: 0}
    - target: {fileID: 1766856814106652185, guid: 834e30b6766b888489cd657b93bce111,
        type: 3}
      propertyPath: m_LocalRotation.x
      value: 0
      objectReference: {fileID: 0}
    - target: {fileID: 1766856814106652185, guid: 834e30b6766b888489cd657b93bce111,
        type: 3}
      propertyPath: m_LocalRotation.y
      value: 0
      objectReference: {fileID: 0}
    - target: {fileID: 1766856814106652185, guid: 834e30b6766b888489cd657b93bce111,
        type: 3}
      propertyPath: m_LocalRotation.z
      value: 0
      objectReference: {fileID: 0}
    - target: {fileID: 1766856814106652185, guid: 834e30b6766b888489cd657b93bce111,
        type: 3}
      propertyPath: m_LocalRotation.w
      value: 1
      objectReference: {fileID: 0}
    - target: {fileID: 1766856814106652185, guid: 834e30b6766b888489cd657b93bce111,
        type: 3}
      propertyPath: m_RootOrder
      value: 4
      objectReference: {fileID: 0}
    - target: {fileID: 1766856814106652185, guid: 834e30b6766b888489cd657b93bce111,
        type: 3}
      propertyPath: m_LocalEulerAnglesHint.x
      value: 0
      objectReference: {fileID: 0}
    - target: {fileID: 1766856814106652185, guid: 834e30b6766b888489cd657b93bce111,
        type: 3}
      propertyPath: m_LocalEulerAnglesHint.y
      value: 0
      objectReference: {fileID: 0}
    - target: {fileID: 1766856814106652185, guid: 834e30b6766b888489cd657b93bce111,
        type: 3}
      propertyPath: m_LocalEulerAnglesHint.z
      value: 0
      objectReference: {fileID: 0}
    m_RemovedComponents: []
  m_SourcePrefab: {fileID: 100100000, guid: 834e30b6766b888489cd657b93bce111, type: 3}
--- !u!4 &8372662399992806663 stripped
Transform:
  m_CorrespondingSourceObject: {fileID: 1766856814106652185, guid: 834e30b6766b888489cd657b93bce111,
    type: 3}
  m_PrefabInstance: {fileID: 7833042877404484382}
  m_PrefabAsset: {fileID: 0}
